 Dungeon Crawl Stone Soup version 0.20.0-8-g6b59dc7 (webtiles) character file.

25 miragecloak the Changer (level 3, -2/23 HPs)
             Began as an Octopode Transmuter on June 1, 2017.
             Succumbed to a kobold's poison
             ... on level 1 of the Dungeon.
             The game lasted 00:01:09 (710 turns).

miragecloak the Changer (Octopode Transmuter)        Turns: 710, Time: 00:01:10

Health: -2/23      AC:  2    Str:  9    XL:     3   Next: 6%
Magic:  3/6        EV: 20    Int: 18    God:
Gold:   41         SH:  0    Dex: 18    Spells: 2/6 levels left

rFire    . . .     SeeInvis .     - Unarmed
rCold    . . .     Gourm    .   (shield currently unavailable)
rNeg     . . .     Faith    .   (helmet currently unavailable)
rPois    x         Spirit   .   (no amulet)
rElec    .         Reflect  .   (no ring)
rCorr    .         Harm     .   h - +3 ring of intelligence
MR       .....                  (no ring)
Stlth    ++........             (no ring)
Regen    0.1/turn               (no ring)
MPRegen  0.1/turn               (no ring)
                                (no ring)
                                (no ring)

@: lethally poisoned (-2 -> -58), spider-form (expiring)
A: almost no armour, stealthy swim, (amphibious), 8 rings, (constrict 8)
a: End Transformation


You were on level 1 of the Dungeon.
You were not hungry.
You were a venomous arachnid creature.
You visited 1 branch of the dungeon, and saw 1 of its levels.

You collected 41 gold pieces.

Inventory:

Missiles
 a - 26 arrows
Jewellery
 d - an uncursed ring of ice
 h - a +3 ring of intelligence (right front leg)
Scrolls
 e - 4 scrolls of identify {unknown}
 f - a scroll of teleportation {unknown}
 g - a scroll of fear {unknown}
 k - a scroll of remove curse {unknown}
 m - a scroll of random uselessness {unknown}
Potions
 i - a potion of haste {unknown}
Books
 b - a book of Changes

   Spells                             Type                      Level
   a - Beastly Appendage              Transmutation                1
   b - Sticks to Snakes               Transmutation                2
   c - Spider Form                    Transmutation/Poison         3
   d - Ice Form                       Ice/Transmutation            4
   e - Blade Hands                    Transmutation                5
Comestibles
 c - a bread ration
 j - a royal jelly
 l - 2 chunks of flesh


   Skills:
 - Level 1.0 Fighting
 - Level 2.0 Dodging
 - Level 3.0 Unarmed Combat
 - Level 2.0 Spellcasting
 + Level 3.4 Transmutations
 * Level 0.2 Poison Magic


You had 2 spell levels left.
You knew the following spells:

 Your Spells              Type           Power        Failure   Level  Hunger
a - Beastly Appendage     Tmut           ##....       13%         1    #......
b - Spider Form           Tmut/Pois      #.........   47%         3    ###....


Dungeon Overview and Level Annotations

Branches:
Dungeon (1/15)

Altars:


Innate Abilities, Weirdness & Mutations

You cannot wear most types of armour.
You are very stealthy in the water. (Stealth+)
((You are amphibious.))
You can wear up to eight rings at the same time.
((You can use your tentacles to constrict eight enemies at once.))
((Your skin changes colour to match your surroundings (Stealth+).))
((Your rubbery body absorbs attacks. (AC +1, EV +1)))


Message History

You are more poisoned.
You hit the kobold but do no damage.
The kobold looks as sick as possible!
The kobold is moderately wounded.
You feel sick. The kobold hits you but does no damage.
You are more poisoned.
You are too injured to fight recklessly!
There is a lethal amount of poison in your body!
There is a lethal amount of poison in your body!
There is a lethal amount of poison in your body!
You are too injured to fight recklessly!
You barely miss the kobold.
The kobold is heavily wounded.
Your transformation is almost over.
* * * LOW HITPOINT WARNING * * *
You feel very sick. The kobold misses you.
* * * LOW HITPOINT WARNING * * *
You feel very sick.
You kill the kobold!
You die...

....#.#.##.# ##.## ##.......
##....#.##.# #...# #.###..)
#..(...##.## #...# #.# #...
##..........# #...# #.###...
...########.# #...# #.......
.....# #.#######...#####......
.....# #.##..............##..#
.....# #.....................#
.....# #.##..s................
..)..# ###.#######)..#####.#..##
...### #...# #...# #.#.... ####
#>### #...# #...... #.# #####...#
#.#..#. #.# #.......# #.#...# #
#.# #......## #.#..## # #.###
#.####.# #.#..#
#########...###.#....######.##.##


There were no monsters in sight!

Vanquished Creatures
  A gnoll (D:1)
  A leopard gecko (D:1)
  A bat (D:1)
  3 goblins (D:1)
  4 jackals (D:1)
  2 kobolds (D:1)
12 creatures vanquished.

Notes
Turn   | Place    | Note
-------+----------+-------------------------------------------
     0 | D:1      | miragecloak the Octopode Transmuter began the quest for the Orb.
     0 | D:1      | Reached XP level 1. HP: 13/13 MP: 3/3
   112 | D:1      | Reached XP level 2. HP: 10/18 MP: 1/5
   656 | D:1      | Reached XP level 3. HP: 16/23 MP: 4/6
   661 | D:1      | Learned a level 3 spell: Spider Form
   710 | D:1      | Succumbed to a kobold's poison

Skill      XL: |  1  2 |
---------------+-------+-----
Transmutations | 3 |  3.4
Fighting       | |  1.0
Dodging        | |  2.0
Unarmed Combat | |  3.0
Spellcasting   | |  2.0
Poison Magic   | |  0.2

Action                   || total
-------------------------++-------
Melee: Unarmed           ||    30
       Constrict         ||     8
       Kick              ||     3
       Tentacles         ||     2
       Punch             ||     1
 Cast: Beastly Appendage ||     7
       Spider Form       ||     1
 Stab: Sleeping          ||     3
Armor: Skin              ||     3
Dodge: Dodged            ||    17
